 Dungeon Crawl Stone Soup version 0.19.5 (webtiles) character file.

53 Monsterracer the Chopper (level 3, -7/33 HPs)
             Began as a Deep Dwarf Fighter on Apr 18, 2017.
             Mangled by a worm (11 damage)
             ... on level 2 of the Dungeon.
             The game lasted 00:02:16 (1252 turns).

Monsterracer the Chopper (Deep Dwarf Fighter)       Turns: 1252, Time: 00:02:16

Health: -7/33      AC:  6    Str: 17 (19) XL:     3   Next: 62%
Magic:  3/3        EV:  5    Int:  7 (8)  God:
Gold:   63         SH: 13    Dex: 12 (13) Spells: 0 memorised, 2 levels left

rFire  . . .     SeeInvis .     a - +0 war axe
rCold  . . .     Gourm    .     b - +0 scale mail
rNeg   . . .     Faith    .     g - +0 large shield
rPois  .         Spirit   .     (no helmet)
rElec  .         Reflect  .     (no cloak)
rCorr  .         Harm     .     (no gloves)
MR     .....                    (no boots)
Stlth  ..........               (no amulet)
                                (no ring)
                                (no ring)

@: non-regenerating
A: damage resistance, recharge devices, sense surroundings 1, slow regeneration
3
a: Device Recharging


You were on level 2 of the Dungeon.
You were not hungry.

You visited 1 branch of the dungeon, and saw 2 of its levels.

You collected 63 gold pieces.

Inventory:

Hand Weapons
 a - a +0 war axe (weapon)
Armour
 b - a +0 scale mail (worn)
 c - a +0 shield
 g - a +0 large shield (worn)
Wands
 e - a wand of heal wounds (5/9)
Scrolls
 i - a scroll of teleportation {unknown}
 k - 2 scrolls of identify {unknown}
 l - a scroll of amnesia {unknown}
Potions
 d - a potion of might
 n - a potion of mutation {unknown}
Comestibles
 f - 2 bread rations
 h - a meat ration
 m - a chunk of flesh


   Skills:
 - Level 2.6 Fighting
 + Level 4.4 Axes
 - Level 3.2 Armour
 - Level 3.2 Shields


You had 2 spell levels left.
You didn't know any spells.

Dungeon Overview and Level Annotations

Branches:
Dungeon (2/15)

Altars:
Trog


Innate Abilities, Weirdness & Mutations

You are resistant to damage.
You can recharge devices by infusing magical energy.
You passively map a small area around you.
You do not regenerate.


Message History

The worm bites you. x2
You slash the worm!
The worm is severely wounded.
You hit the worm. The worm bites you! You block the worm's attack.
You barely miss the worm.
The worm is severely wounded.
You hit the worm. x2; You block the worm's attack.
The worm barely misses you. x2
The worm bites you.
You hit the worm but do no damage.
The worm is severely wounded.
You hit the worm but do no damage. You hit the worm.
You block the worm's attack. The worm bites you but does no damage.
The worm bites you!
* * * LOW HITPOINT WARNING * * *
You block the worm's attack. The worm bites you.
It was a potion of degeneration.
There was something very wrong with that liquid.
You feel weakened.
You feel dopey.
You feel clumsy. You block the worm's attack. The worm bites you!
You die...

#.########.#.#..#####.
*
.............(........
*
..######.##.##........
*
#########.#...##.######
###....##..........#
##.......###.#...##.# ,
#)........##.##.###.# *
*#....#..ww##..#.# #.#
)...###.w@##..#.###.# *
.._.#y#...†......)..#
,*
....###...##........#
#)...#....##.##.##### *
#)........#.....# ,
##.......##..#### *
###....###..# ######
#..# ###.##


You could see a moth of wrath and 3 worms.

Vanquished Creatures
  An adder (D:2)
  An ooze (D:1)
  2 worms (D:2)
  A leopard gecko (D:1)
  4 bats
  2 giant cockroaches
  2 goblins
  3 hobgoblins (D:1)
  2 ball pythons (D:1)
  A frilled lizard (D:2)
  7 kobolds
  9 rats
35 creatures vanquished.

Notes
Turn   | Place    | Note
-------+----------+-------------------------------------------
     0 | D:1      | Monsterracer the Deep Dwarf Fighter began the quest for the Orb.
     0 | D:1      | Reached XP level 1. HP: 20/20 MP: 1/1
   425 | D:1      | Reached skill level 3 in Axes
   446 | D:1      | Reached XP level 2. HP: 25/27 MP: 2/2
  1033 | D:2      | Reached XP level 3. HP: 28/33 MP: 3/3
  1044 | D:2      | Reached skill level 4 in Axes
  1232 | D:2      | Noticed a moth of wrath
  1234 | D:2      | Found a bloodstained altar of Trog.
  1252 | D:2      | Mangled by a worm

Skill      XL: |  1  2  3 |
---------------+----------+-----
Axes           | 3 4 |  4.4
Fighting       | |  2.6
Armour         | |  3.2
Shields        | |  3.2

Action                   || total
-------------------------++-------
Melee: War axe           ||   121
  Use: Potion            ||     1
  Eat: Chunk             ||     1
Armor: Scale mail        ||    52
Dodge: Dodged            ||    29
Block: Large shield      ||    96
       Shield            ||     3
